 Dungeon Crawl Stone Soup version 0.27.0-1-g7a08968 (webtiles) character file.

Game seed: 17657779927407865427

2997 NeededCrab the Basher (level 9, -1/65 HPs)
             Began as a Demonspawn Gladiator on Oct 17, 2021.
             Was an Initiate of Gozag.
             Slain by a komodo dragon (29 damage)
             ... on level 8 of the Dungeon.
             The game lasted 00:31:58 (11038 turns).

NeededCrab the Basher (Demonspawn Gladiator)       Turns: 11038, Time: 00:31:58

Health: -1/65      AC: 10    Str: 16    XL:     9   Next: 54%
Magic:  6/9        EV: 12    Int: 11    God:    Gozag
Gold:   643        SH:  5    Dex: 15    Spells: 5/8 levels left

rFire    . . .     SeeInvis .   a - +0 flail
rCold    . . .     Faith    .   (no shield)
rNeg     . . .     Spirit   .   H - +3 leather armour
rPois    .         Reflect  +   c - +0 helmet
rElec    .         Harm     .   I - +1 cloak
rCorr    .         Rampage  .   (no gloves)
Will     .....                  (no boots)
Stlth    +.........             r - amulet of reflection
HPRegen  0.20/turn              x - ring of wizardry
MPRegen  0.11/turn              z - ring of wizardry

@: no status effects
A: claws 1, talons 2, demonic guardian 2, powered by death 1
a: Renounce Religion, Potion Petition, Call Merchant, Bribe Branch


You were on level 8 of the Dungeon.
You worshipped Gozag.
Gozag was pleased with you.
You visited 2 branches of the dungeon, and saw 9 of its levels.

You collected 851 gold pieces.
You spent 108 gold pieces at shops.
You paid 100 gold pieces to Gozag.

Inventory:

Hand Weapons
 a - a +0 flail (weapon)
 b - a +0 fustibalus
Missiles
 d - 5 throwing nets (quivered)
 p - 248 stones
 K - 2 atropa-tipped darts
Armour
 c - a +0 helmet (worn)
 e - a +0 leather armour
 t - a +0 scale mail
 H - a +3 leather armour (worn)
 I - a +1 cloak (worn)
Magical Staves
 y - a staff of conjuration
Jewellery
 l - a ring of fire
 r - an amulet of reflection (around neck)
 x - a ring of wizardry (left claw)
 z - a ring of wizardry (right claw)
 L - a ring of fire
Wands
 w - a wand of iceblast (20)
 B - a wand of digging (4)
 C - a wand of acid (10)
 J - a wand of mindburst (15)
Scrolls
 f - a scroll of vulnerability {unknown}
 k - 2 scrolls of fear {unknown}
 m - a scroll of holy word {unknown}
 n - a scroll of teleportation {unknown}
 q - a scroll of noise {unknown}
 s - a scroll of silence {unknown}
 D - 4 scrolls of identify {unknown}
 E - a scroll of torment {unknown}
 F - 2 scrolls of magic mapping {unknown}
 G - a scroll of amnesia {unknown}
Potions
 g - 3 potions of curing {unknown}
 h - 2 potions of degeneration {unknown}
 i - 2 potions of berserk rage {unknown}
 j - 2 potions of lignification {unknown}
 o - a potion of magic {unknown}
 u - 2 potions of flight {unknown}
 v - a potion of haste
 A - 2 potions of might {unknown}


   Skills:
 - Level 4.0 Fighting
 * Level 8.2 Maces & Flails
 + Level 5.2(5.4) Slings
 - Level 1.7(3.7) Throwing
 + Level 5.2 Armour
 - Level 2.6 Dodging
 + Level 4.4 Summonings


You had 5 spell levels left.
You knew the following spells:

 Your Spells              Type           Power      Damage    Failure   Level
a - Call Canine Familiar  Summ           9%         N/A       5%          3

Your spell library contained the following spells:

 Spells                   Type           Power      Damage    Failure   Level
 Apportation              Tloc           0%         N/A       11%         1
 Foxfire                  Conj/Fire      0%         2x1d4     11%         1
 Magic Dart               Conj           0%         1d3       11%         1
 Ensorcelled Hibernation  Hex/Ice        0%         N/A       17%         2
 Searing Ray              Conj           0%         3d3       17%         2
 Slow                     Hex            0%         N/A       17%         2
 Static Discharge         Conj/Air       0%         N/A       17%         2
 Confusing Touch          Hex            0%         N/A       30%         3
 Conjure Flame            Conj/Fire      0%         6-21      30%         3
 Ignite Poison            Fire/Tmut/Pois 0%         N/A       30%         3
 Inner Flame              Hex/Fire       0%         N/A       30%         3
 Mephitic Cloud           Conj/Pois/Air  0%         N/A       30%         3
 Portal Projectile        Hex/Tloc       0%         N/A       30%         3
 Spider Form              Tmut/Pois      0%         N/A       30%         3
 Vampiric Draining        Necr           0%         2d6       30%         3
 Dispel Undead            Necr           0%         3d6       67%         4
 Fulminant Prism          Conj/Hex       0%         3d6       67%         4
 Leda's Liquefaction      Hex/Erth       0%         N/A       67%         4
 Sticky Flame             Conj/Fire      0%         2d3       67%         4
 Alistair's Intoxication  Tmut/Pois      0%         N/A       94%         5
 Bolt of Magma            Conj/Fire/Erth 0%         4d4       94%         5
 Shadow Creatures         Summ           N/A        N/A       92%         6
 Invisibility             Hex            0%         N/A       100%        6
 Malign Gateway           Summ/Tloc      2%         N/A       100%        7
 Summon Horrible Things   Summ           4%         N/A       100%        8


Dungeon Overview and Level Annotations

Branches:
Dungeon (8/15)             Temple (1/1) D:6
   Lair: D:8-11

Altars:
Ashenzari
Cheibriados
Dithmenos
Gozag
Hepliaklqana
Kikubaaqudgha
Makhleb
Nemelex Xobeh
Okawaru
Qazlal
Ru
Sif Muna
Trog
Uskayaw
Vehumet
Xom
Yredelemnul
Zin
The Shining One

Shops:
D:4 [

Annotations:
D:5 exclusion: downstairs


Innate Abilities, Weirdness & Mutations

You have sharp fingernails.
You have razor-sharp toenails.
A demonic guardian rushes to your aid.
You regenerate a little health from kills.


Message History

a +0 club; a +0 dagger; a +0 hand axe You see here a +3 trident.
A komodo dragon comes into view.
The komodo dragon hisses angrily.
You shoot a stone.
The stone hits the komodo dragon but does no damage.
You shoot a stone.
The stone closely misses the komodo dragon.
a - a +0 flail (weapon)
Casting: Call Canine Familiar (dangerous; 5% risk of failure)
Confirm with . or Enter, or press ? or * to list all spells.
You hit the komodo dragon but do no damage.
You claw the komodo dragon.
The komodo dragon is lightly wounded.
The komodo dragon completely misses you.
You hit the komodo dragon but do no damage.
The komodo dragon is lightly wounded.
Your hound bites the komodo dragon.
Your hound closely misses the komodo dragon.
The komodo dragon bites you but does no damage.
You hit the komodo dragon but do no damage.
The komodo dragon is lightly wounded.
Your hound bites the komodo dragon.
The komodo dragon closely misses you.
You hit the komodo dragon.
The komodo dragon is moderately wounded.
Your hound completely misses the komodo dragon.
Your hound bites the komodo dragon but does no damage.
The komodo dragon bites you!!
You hit the komodo dragon.
The komodo dragon is moderately wounded.
Your hound closely misses the komodo dragon.
The komodo dragon bites you!!
You are too injured to fight recklessly!
You are too injured to fight recklessly!
You barely miss the komodo dragon.
The komodo dragon is moderately wounded.
Your hound barely misses the komodo dragon. x2
The komodo dragon bites you!!
You die...
Your body crumbles into a pile of gold.

#.##### ##.## ########.#
#.....####.#####........#
#####............########
######.####### #.#
#.######### #.........#
#######.#######)#
#.....@h# #####)####
#.####l.# #........# #
#..###.###.##.#
#.#.##...##.###.##.####
.......................
#.#.##...######.##.#...
#.....((## #.##.#...
#######.# #.#...... #.#
#.#......


You could see a komodo dragon (ally target) and a friendly hound (summoned).

Vanquished Creatures
  A necrophage (D:5)
  2 ogres (D:5)
  3 centaurs
  3 phantoms
  A bullfrog (D:8)
  A gnoll sergeant (D:6)
  A scorpion (D:7)
  2 water moccasin skeletons
  2 killer bees (D:7)
  4 wights
  A bullfrog zombie (D:7)
  6 hounds
  An orc priest (D:7)
  3 centaur zombies
  2 iguanas (D:6)
  4 orc wizards
  A hound zombie (D:5)
  2 hound skeletons
  8 gnolls
  7 adders
  2 white imps (D:5)
  3 ufetubi
  An adder skeleton (D:4)
  2 worms
  2 dart slugs
  33 orcs
  7 bats
  5 endoplasms
  3 giant cockroaches
  2 goblins
  9 hobgoblins
  14 jackals
  6 kobolds
  5 quokkas
  10 ball pythons
  6 frilled lizards
  A rat (D:2)
166 creatures vanquished.

Vanquished Creatures (collateral kills)
  A two-headed ogre (D:8)
  A water moccasin (D:5)
  An ice beast (D:6)
  A gnoll sergeant (D:8)
  A killer bee (D:7)
  3 wights
  A bullfrog zombie (D:6)
  An iguana (D:4)
  2 gnolls (D:8)
  An adder (D:4)
  A howler monkey skeleton (D:7)
14 creatures vanquished.

Vanquished Creatures (others)
  45 plants
45 creatures vanquished.

Grand Total: 225 creatures vanquished

Notes
Turn   | Place    | Note
-------+----------+-------------------------------------------
     0 | D:1      | NeededCrab the Demonspawn Gladiator began the quest for the
                  | Orb.
     0 | D:1      | Reached XP level 1. HP: 16/16 MP: 1/1
   318 | D:1      | Gained mutation: You have sharp toenails. [demonic
                  | ancestry]
   318 | D:1      | Reached XP level 2. HP: 22/22 MP: 2/2
   334 | D:1      | Reached skill level 3 in Maces & Flails
  1276 | D:2      | Gained mutation: You have razor-sharp toenails. [demonic
                  | ancestry]
  1276 | D:2      | Reached XP level 3. HP: 28/28 MP: 3/3
  1404 | D:2      | Reached skill level 1 in Slings
  1404 | D:2      | Reached skill level 1 in Armour
  1875 | D:2      | Noticed a phantom
  1891 | D:2      | Killed a phantom
  1892 | D:2      | Reached XP level 4. HP: 9/34 MP: 4/4
  2161 | D:3      | Gained mutation: A weak demonic guardian rushes to your
                  | aid. [demonic ancestry]
  2161 | D:3      | Reached XP level 5. HP: 40/40 MP: 5/5
  2176 | D:3      | Reached skill level 4 in Maces & Flails
  2370 | D:3      | Found a burning altar of Makhleb.
  3341 | D:4      | Found Ethoicw's Antique Armour Shoppe.
  3345 | D:4      | Bought a cloak for 108 gold pieces
  3701 | D:4      | Gained mutation: A demonic guardian rushes to your aid.
                  | [demonic ancestry]
  3701 | D:4      | Reached XP level 6. HP: 16/47 MP: 6/6
  4741 | D:5      | Entered Level 5 of the Dungeon
  4859 | D:5      | Reached skill level 5 in Maces & Flails
  4944 | D:5      | Gained mutation: You regenerate a little health from kills.
                  | [demonic ancestry]
  4944 | D:5      | Reached XP level 7. HP: 53/53 MP: 7/7
  5719 | D:5      | Reached skill level 1 in Summonings
  6395 | D:6      | Reached skill level 6 in Maces & Flails
  6395 | D:6      | Reached XP level 8. HP: 41/60 MP: 8/8
  6563 | D:6      | Found a staircase to the Ecumenical Temple.
  6580 | Temple   | Entered the Ecumenical Temple
  6820 | Temple   | Became a worshipper of Gozag Ym Sagoz the Greedy
  7572 | D:6      | Learned a level 3 spell: Call Canine Familiar
  8293 | D:7      | Found a shimmering blue altar of Sif Muna.
  8481 | D:7      | Reached skill level 7 in Maces & Flails
  9285 | D:7      | Gained mutation: You have sharp fingernails. [demonic
                  | ancestry]
  9285 | D:7      | Reached XP level 9. HP: 65/65 MP: 9/9
 10729 | D:8      | Noticed a two-headed ogre
 10756 | D:8      | Killed a two-headed ogre
 10757 | D:8      | Reached skill level 8 in Maces & Flails
 10757 | D:8      | Reached skill level 5 in Slings
 10757 | D:8      | Reached skill level 5 in Armour
 11027 | D:8      | Noticed a komodo dragon
 11038 | D:8      | Slain by a komodo dragon

Illustrated notes

Levels and vault maps discovered:
D:1:      roderic_crop_circles_arrival_small, layout_rooms
D:2:      layout_basic, minmay_split_cup_large
D:3:      layout_loops_ring, bloody_makhleb
D:4:      minmay_octagon_keep, layout_basic, serial_shops,
          nicolae_stop_n_shop_2, minivault_14, corner_web_ring
D:5:      layout_layer_cave
D:6:      layout_loops_ring, minmay_temple_entry_offerings,
          chequers_serial_rivers_marsh, grunt_ministairs_6
D:7:      layout_basic, mainiacjoe_overflow_catwalk, amethyst_killhole
D:8:      layout_loops_corners, zin_scriptorium, nicolae_tso_carved_into_rock,
          david_lair_shrubbed
Temple:   regret_index_temple_generic_petals

Skill      XL: |  1  2  3  4  5  6  7  8  9 |
---------------+----------------------------+-----
Maces & Flails | 3 4 5 6 7 8 |  8.2
Slings         | 1 2 3 4 5 |  5.2
Armour         | 1 2 3 4 5 |  5.2
Fighting       | 3 4 |  4.0
Summonings     | 1 3 4 |  4.4
Throwing       | |  1.7
Dodging        | |  2.6

Action                   |  1- 3 |  4- 6 |  7- 9 || total
-------------------------+-------+-------+-------++-------
Melee: Flail             |   105 |   159 |   270 ||   534
       Kick              |    22 |    33 |    88 ||   143
 Fire: Fustibalus        |    19 |    85 |    83 ||   187
 Cast: Call Canine Famil |       |       |    15 ||    15
 Stab: Sleeping          |     1 |     1 |       ||     2
       Distracted        |       |       |     4 ||     4
Armor: Leather armour    |    41 |     4 |    44 ||    89
       Scale mail        |       |    48 |    76 ||   124
Dodge: Dodged            |    82 |    82 |   144 ||   308
Block: Other             |     7 |    46 |    69 ||   122
       Reflection        |       |     3 |     4 ||     7
